 Dungeon Crawl Stone Soup version 0.29-a0-416-g83a48905f1 (webtiles) character file.

Game seed: 11127387094976917616

11 YayAnonymity the Poker (level 2, -2/22 HPs)
             Began as a Demonspawn Gladiator on May 17, 2022.
             Slain by a goblin
             ... wielding a +2 vampiric dagger
              (5 damage)
             ... on level 1 of the Dungeon.
             The game lasted 00:00:28 (234 turns).

YayAnonymity the Poker (Demonspawn Gladiator)        Turns: 234, Time: 00:00:29

Health: -2/22      AC:  3    Str: 14    XL:     2   Next: 13%
Magic:  2/2        EV:  9    Int:  9    God:
Gold:   7          SH:  0    Dex: 14    Spells: 1/1 levels left

rFire   . . .      SeeInvis .   a - +0 trident
rCold   . . .      Faith    .   (no shield)
rNeg    . . .      Spirit   .   b - +0 leather armour
rPois   .          Reflect  .   (helmet restricted)
rElec   .          Harm     .   (no cloak)
rCorr   .          Rampage  .   (no gloves)
Will    .....                   (no boots)
Stlth   +.........              (no amulet)
HPRegen 0.07/turn               (no ring)
MPRegen 0.08/turn               (no ring)

@: constricted
A: horns 1
a: no special abilities


You were on level 1 of the Dungeon.
You visited 1 branch of the dungeon, and saw 1 of its levels.

You collected 7 gold pieces.

Inventory:

Hand Weapons
 a - a +0 trident (weapon)
Missiles
 d - 3 throwing nets (quivered)
 e - a javelin
Armour
 b - a +0 leather armour (worn)
 c - a +0 helmet
Scrolls
 g - a scroll of enchant weapon {unknown}
 h - a scroll of poison {unknown}
Potions
 f - a potion of attraction {unknown}


   Skills:
 - Level 2.0 Fighting
 * Level 3.1 Polearms
 - Level 1.7 Throwing
 + Level 2.9 Dodging


You had one spell level left.
You didn't know any spells.
Your spell library was empty.

Dungeon Overview and Level Annotations

Branches:
Dungeon (1/15)

Altars:


Innate Abilities, Weirdness & Mutations

You have a pair of small horns on your head.


Message History

You closely miss the jackal.
The jackal is severely wounded.
The jackal closely misses you.
You barely miss the jackal.
The jackal is severely wounded.
The jackal bites you. The goblin hits you but does no damage.
The jackal closely misses you.
You miss the jackal.
The jackal is severely wounded.
The jackal barely misses you.
The goblin hits you with a +2 vampiric dagger.
The jackal bites you.
You miss the jackal.
The ball python hisses angrily.
Your headbutt misses the jackal.
The jackal is severely wounded.
The goblin hits you with a +2 vampiric dagger.
The jackal barely misses you. The goblin hits you but does no damage.
You hit the jackal.
You kill the jackal!
The goblin hits you with a +2 vampiric dagger.
You closely miss the goblin. Your headbutt misses the goblin.
The goblin hits you with a +0 club.
* * * LOW HITPOINT WARNING * * *
The goblin hits you but does no damage.
You barely miss the goblin. The goblin misses you.
The goblin hits you but does no damage.
You hit the goblin.
You kill the goblin!
The goblin hits you but does no damage. The ball python misses you.
The ball python grabs you. The ball python constricts you.
The ball python's grasp on you weakens, but your attempt to escape fails.
The ball python barely misses you. The ball python constricts you.
The goblin hits you but does no damage.
You barely miss the ball python. The ball python bites you.
* * * LOW HITPOINT WARNING * * *
The ball python constricts you.
* * * LOW HITPOINT WARNING * * *
The goblin hits you with a +2 vampiric dagger.
You die...

###### ##..... #...♣♣.
#..♣♣♣♣ #..♣ ##########
#..♣ .........# #####..♣
.........#######......♣ ♣
.....>..S@)...........♣♣♣♣
S.......g##..###..........
.........................(
.........###..............
.........# ##............)
.........# #.............
...$.....# #.........####
.........# #.#####.###
#.######


You could see a goblin and a ball python.

Vanquished Creatures
  A giant cockroach (D:1)
  2 goblins (D:1)
  3 jackals (D:1)
  2 kobolds (D:1)
8 creatures vanquished.

Notes
Turn   | Place    | Note
-------+----------+-------------------------------------------
     0 | D:1      | YayAnonymity the Demonspawn Gladiator began the quest for
                  | the Orb.
     0 | D:1      | Reached XP level 1. HP: 16/16 MP: 1/1
    33 | D:1      | Found a faded altar of an unknown god.
   217 | D:1      | Reached skill level 3 in Polearms
   222 | D:1      | Discovered your monstrous ancestry.
   222 | D:1      | Gained mutation: You have a pair of small horns on your
                  | head. [demonic ancestry]
   222 | D:1      | Reached XP level 2. HP: 19/22 MP: 2/2
   234 | D:1      | Slain by a goblin

Illustrated notes

Levels and vault maps discovered:
D:1:      dpeg_arrival_more_subterranean_lakeside_camping, layout_basic,
          ebering_ecumenical_altar_rust, nrook_campfire

Skill      XL: |  1 |
---------------+----+-----
Polearms       | 3 |  3.1
Fighting       | |  2.0
Throwing       | |  1.7
Dodging        | |  2.9

Action                   || total
-------------------------++-------
Melee: Trident           ||    31
       Punch             ||     1
Armor: Leather armour    ||    14
Dodge: Dodged            ||    34

Table legend: (Time is in decaauts)
 A = Elapsed time spent in this place.
 B = Non-inter-level travel time spent in this place.
 C = Inter-level travel time spent in this place.
 D = Time resting spent in this place.
 E = Time spent auto-exploring this place.
 F = Levels seen in this place.
 G = Mean time per level.
                   A        B        C        D        E       F      G
               +--------+--------+--------+--------+--------+-----+--------+
         Total |    238 |    238 |      0 |      0 |    178 |   1 |  238.0 |
       Dungeon |    238 |    238 |      0 |      0 |    178 |   1 |  238.0 |
               +--------+--------+--------+--------+--------+-----+--------+

Top non-repeatable levels by time:
     D:1: 238 daAuts
